AoeStats
← Drako

Arena

509697105Analyzed
3v3 RM · 5d ago on Sep 27, 2026· 55m 17s· 6 players
Game mode
Random Map
Map size
Normal (6 player)
Population
200
Speed
Normal
Resources
Standard
Victory
Conquest
Starting age
Dark Age
Ending age
Imperial Age
RankedLock teamsTeams togetherTeam positionsShared explorationLock speedFull tech treeHidden civsTurbo modeCheats
Victory
Defeat
🇩🇪 Cumans · Germany
854
+15
🇳🇱 Britons · Netherlands
801
+17
🇪🇬 Huns · Egypt
786
+18
🇺🇸 Georgians · United States
836
-17
🇨🇿 Saxons · Czechia
834
-17
🇨🇱 Britons · Chile
803
-16
Stifler Master
1:32 Loom
11:51 Feudal Age
13:21 Gold Mining
13:28 Town Watch
14:03 Double-Bit Axe
17:33 Horse Collar
20:13 Castle Age
18:34 Stone Mining
18:52 Padded Archer Armor
20:42 Forging
20:23 Fletching
21:25 Bow Saw
21:33 Town Patrol
21:37 Heavy Plow
24:55 Gold Shaft Mining
25:34 Bodkin Arrow
26:09 Ballistics
28:00 Wheelbarrow
33:19 Imperial Age
31:17 Hand Cart
32:03 Leather Archer Armor
32:35 Iron Casting
33:30 Yeomen
35:28 Two-Man Saw
35:04 Ring Archer Armor
36:43 Chemistry
37:00 Conscription
36:11 Sappers
38:34 Onager
39:40 Caravan
40:11 Coinage
41:12 Hoardings
42:06 Warwolf
51:22 Elite Longbowman
51:31 Elite Longbowman
Drako
10:45 Feudal Age
11:22 Double-Bit Axe
13:30 Horse Collar
18:02 Castle Age
17:25 Loom
18:55 Wheelbarrow
19:26 Bow Saw
22:00 Fletching
22:36 Crossbowman
23:46 Hand Cart
24:06 Town Watch
26:45 Pikeman
30:33 Imperial Age
28:59 Ballistics
29:37 Murder Holes
29:46 Elite Skirmisher
32:05 Forging
33:45 Man-at-Arms
37:01 Bodkin Arrow
38:25 Long Swordsman
39:34 Two-Handed Swordsman
41:36 Two-Man Saw
40:53 Fortified Wall
40:29 Halberdier
42:25 Iron Casting
44:04 Thumb Ring
44:16 Champion
46:12 Capped Ram
46:56 Capped Ram
47:58 Bracer
50:08 Town Patrol
50:51 Squires
Nico
5:25 Loom
12:26 Feudal Age
18:59 Castle Age
17:03 Double-Bit Axe
17:36 Gold Mining
18:23 Stone Mining
18:37 Horse Collar
22:08 Fervor
25:54 Heavy Plow
26:07 Bow Saw
27:06 Wheelbarrow
28:27 Hand Cart
30:29 Forging
34:14 Imperial Age
33:53 Scale Barding Armor
34:25 Iron Casting
34:09 Bloodlines
34:00 Husbandry
35:04 Ballistics
34:41 Town Watch
35:12 Caravan
35:43 Coinage
36:42 Fortified Wall
38:42 Conscription
38:31 Aznauri Cavalry
39:55 Chain Barding Armor
40:43 Murder Holes
41:48 Chemistry
41:01 Svan Towers
41:01 Padded Archer Armor
41:00 Fletching
41:46 Plate Barding Armor
40:57 Treadmill Crane
41:58 Stone Shaft Mining
41:33 Elite Monaspa
43:16 Blast Furnace
42:29 Siege Engineers
42:47 Bodkin Arrow
43:44 Banking
44:35 Hoardings
43:34 Sappers
Weza
0:36 Loom
9:57 Feudal Age
10:37 Horse Collar
12:41 Double-Bit Axe
18:27 Stone Mining
21:13 Castle Age
21:36 Gold Mining
23:29 Wheelbarrow
25:52 Town Watch
26:24 Heavy Plow
26:37 Bow Saw
26:51 Murder Holes
29:01 Hand Cart
34:12 Imperial Age
32:00 Fletching
33:26 Bodkin Arrow
33:45 Forging
33:41 Scale Barding Armor
33:42 Husbandry
33:53 Bloodlines
34:43 Marauders
34:55 Bracer
35:23 Conscription
36:10 Cavalier
39:12 Chain Barding Armor
42:42 Plate Barding Armor
42:31 Caravan
43:54 Conscription
44:30 Light Cavalry
45:29 Guilds
47:40 Ballistics
47:32 Masonry
48:31 Hussar
51:56 Iron Casting
Tobi
10:02 Feudal Age
11:42 Horse Collar
11:56 Double-Bit Axe
14:20 Loom
22:18 Castle Age
21:21 Wheelbarrow
22:09 Fletching
22:30 Forging
22:23 Padded Archer Armor
22:28 Scale Barding Armor
22:37 Bloodlines
22:34 Scale Mail Armor
23:55 Bow Saw
25:27 Iron Casting
25:29 Hand Cart
25:01 Town Watch
24:59 Pikeman
26:15 Squires
26:05 Arson
27:06 Thumb Ring
27:04 Capped Ram
28:09 Town Patrol
28:15 Heavy Plow
28:35 Light Cavalry
29:52 Gold Mining
30:55 Chain Barding Armor
30:18 Elite Skirmisher
32:52 Gold Shaft Mining
32:10 Stone Mining
33:28 Ballistics
33:02 Crossbowman
37:10 Imperial Age
34:54 Masonry
36:11 Bodkin Arrow
38:53 Cavalier
41:12 Two-Man Saw
39:41 Siege Ram
41:50 Crop Rotation
41:59 Leather Archer Armor
41:59 Chain Mail Armor
42:28 Halberdier
45:15 Plate Mail Armor
45:16 Ring Archer Armor
45:47 Blast Furnace
44:09 Paladin
44:16 Elite Steppe Lancer
47:05 Hoardings
46:51 Conscription
48:31 Caravan
54:18 Plate Barding Armor
ChocolateMoose
10:19 Feudal Age
10:58 Horse Collar
11:05 Double-Bit Axe
17:23 Castle Age
16:07 Stone Mining
17:53 Pikeman
18:36 Squires
19:00 Bow Saw
19:14 Heavy Plow
21:38 Loom
23:22 Wheelbarrow
25:14 Forging
25:05 Scale Mail Armor
26:32 Fletching
26:43 Padded Archer Armor
27:54 Bodkin Arrow
32:00 Fortified Wall
32:50 Caravan
33:33 Leather Archer Armor
33:07 Town Watch
34:24 Husbandry
37:31 Yeomen
40:09 Imperial Age
40:50 Devotion
41:26 Illumination
41:20 Block Printing
41:55 Conscription
41:45 Bracer
42:25 Hand Cart
41:59 Elite Longbowman
43:32 Ring Archer Armor
44:08 Chemistry
43:29 Ballistics
43:20 Halberdier
47:34 Chain Mail Armor
49:44 Murder Holes
50:07 Masonry
Connection lost

Rejoining the realm…

Still unreachable

The connection could not be restored.

Session expired

The server has moved on; the page needs a fresh start.